 Dungeon Crawl Stone Soup version 0.30-a0-272-gf98c3da03f (webtiles) character file.

Game seed: 1879135801494774552

184 koil the Sneak (level 5, -11/25 HPs)
             Began as a Spriggan Enchanter on Oct 16, 2022.
             Mangled by Crazy Yiuf
             ... wielding a +4 quarterstaff of chaos
              (13 damage)
             ... on level 4 of the Dungeon.
             The game lasted 00:08:50 (3284 turns).

koil the Sneak (Spriggan Enchanter)                 Turns: 3284, Time: 00:08:52

Health: -11/25     AC:  2    Str:  4    XL:     5   Next: 36%
Magic:  9/11       EV: 19    Int: 16    God:
Gold:   128        SH:  0    Dex: 18    Spells: 6/11 levels left

rFire   . . .      SeeInvis +    a - +1 dagger
rCold   . . .      Faith    .    (no shield)
rNeg    . . .      Spirit   .    b - +0 robe
rPois   .          Reflect  .    (helmet restricted)
rElec   .          Harm     .    (no cloak)
rCorr   .          Rampage  .    (gloves unavailable)
Will    .....                    (boots unavailable)
Stlth   +++.......               (no amulet)
HPRegen 0.24/turn                (no ring)
MPRegen 0.12/turn                (no ring)

@: very quick
A: very small, no large weapons, unfitting armour, see invisible, speed 3
a: no special abilities


You were on level 4 of the Dungeon.
You visited 1 branch of the dungeon, and saw 4 of its levels.

You collected 128 gold pieces.

Inventory:

Hand Weapons
 a - a +1 dagger (weapon)
 k - a +0 flail of protection
 l - a +1 whip of venom
Missiles
 m - 9 poisoned darts (quivered)
Armour
 b - a +0 robe (worn)
Magical Staves
 o - a staff of earth
Scrolls
 e - a scroll of poison {unknown}
 g - 3 scrolls of identify {unknown}
 h - a scroll of teleportation {unknown}
 j - a scroll of noise {unknown}
 p - a scroll of fear {unknown}
 s - a scroll of acquirement {unknown}
 t - a scroll of enchant armour {unknown}
Potions
 c - 2 potions of invisibility
 d - a potion of ambrosia {unknown}
 f - 2 potions of heal wounds {unknown}
 i - 2 potions of curing {unknown}
 n - a potion of attraction {unknown}
 q - a potion of berserk rage {unknown}
 r - a potion of brilliance {unknown}


   Skills:
 + Level 1.4 Fighting
 + Level 2.5 Short Blades
 + Level 4.0 Dodging
 + Level 5.5 Stealth
 + Level 3.6 Spellcasting
 + Level 4.4 Hexes


You had 6 spell levels left.
You knew the following spells:

 Your Spells              Type           Power      Damage    Failure   Level
a - Ensorcelled Hibernat  Hex/Ice        18%        N/A       11%         2
b - Confusing Touch       Hex            17%        N/A       9%          3

Your spell library contained the following spells:

 Spells                   Type           Power      Damage    Failure   Level
 Tukima's Dance           Hex            17%        N/A       9%          3
 Dazzling Flash           Conj/Hex       18%        N/A       22%         3
 Stone Arrow              Conj/Erth      4%         3d7       47%         3
 Animate Armour           Summ/Erth      4%         N/A       87%         4
 Petrify                  Tmut/Erth      2%         N/A       87%         4
 Metabolic Englaciation   Hex/Ice        4%         N/A       89%         5
 Statue Form              Tmut/Erth      1%         N/A       100%        6
 Lehudib's Crystal Spear  Conj/Erth      1%         10d2      100%        8


Dungeon Overview and Level Annotations

Branches:
Dungeon (4/15)
 Temple: D:4-7

Altars:

Shops:
D:1 *

Annotations:
D:4 Crazy Yiuf, Dowan, Duvessa


Innate Abilities, Weirdness & Mutations

You are very small and have problems with some larger weapons.
You are too small for most types of armour.
You have supernaturally acute eyesight. (SInv)
You cover ground extremely quickly. (Speed+++)


Message History

No target in view!
Found 6 boomerangs.
Found a stone staircase leading down.
No target in view!
You see here a +0 robe.
t - a scroll labelled DIGUAXZUISU You see here 6 boomerangs.
Found a hammer.
Found a runed translucent door.
No target in view!
No target in view!
No target in view!
Crazy Yiuf shouts!
Okay, then.
Unknown command.
Unknown command.
You open the door.
Crazy Yiuf flaps his cloak.
Casting: Ensorcelled Hibernation (safe; 11% risk of failure)
Confirm with . or Enter, or press ? or * to list all spells.
The spell is quite dangerous to miscast (9% risk of failure)!
Continue anyway?
Your hands begin to glow red.
You hit Crazy Yiuf but do no damage.
Crazy Yiuf hits you with a +4 quarterstaff of chaos!
Crazy Yiuf freezes you.
You hit Crazy Yiuf but do no damage.
Crazy Yiuf appears confused.
There is an open translucent door here.
You hit Crazy Yiuf but do no damage. Crazy Yiuf misses you.
You hit Crazy Yiuf but do no damage. You barely miss Crazy Yiuf.
Crazy Yiuf misses you.
You hit Crazy Yiuf.
Crazy Yiuf is moderately wounded.
Crazy Yiuf laughs.
Crazy Yiuf misses you.
You hit Crazy Yiuf.
Crazy Yiuf is heavily wounded.
Crazy Yiuf hits you with a +4 quarterstaff of chaos!
Ouch! That really hurt!
* * * LOW HITPOINT WARNING * * *
You are electrocuted!
Ouch! That really hurt!
You die...

.......# ########
######## ####
###.#....##
#...##..#......##
#..g@.####......#
#)..### ##.....#
#### #####.# #..#
#.### #..>#
####(..# #[...###
#.####


You could see Crazy Yiuf (confused).

Vanquished Creatures
  A howler monkey (D:3)
  An iguana (D:4)
  3 gnolls (D:2)
  3 adders
  A dart slug (D:2)
  3 orcs
  8 ball pythons
  6 bats
  2 endoplasms
  A giant cockroach (D:2)
  2 goblins (D:2)
  4 hobgoblins
  4 jackals (D:4)
  5 kobolds
  3 quokkas
  3 frilled lizards
  6 rats
  A spectral goblin (D:3)
57 creatures vanquished.

Notes
Turn   | Place    | Note
-------+----------+-------------------------------------------
     0 | D:1      | koil the Spriggan Enchanter began the quest for the Orb.
     0 | D:1      | Reached XP level 1. HP: 9/9 MP: 5/5
   217 | D:1      | Found Honubrac's Assorted Antiques.
   285 | D:1      | Reached XP level 2. HP: 13/13 MP: 6/6
   288 | D:1      | Learned a level 2 spell: Ensorcelled Hibernation
   892 | D:2      | Reached skill level 5 in Stealth
   892 | D:2      | Reached XP level 3. HP: 17/17 MP: 4/8
   896 | D:2      | Learned a level 3 spell: Confusing Touch
   951 | D:2      | Reached skill level 1 in Fighting
  1083 | D:2      | Reached XP level 4. HP: 22/22 MP: 9/9
  2102 | D:3      | Reached XP level 5. HP: 25/25 MP: 11/11
  2276 | D:3      | Found a faded altar of an unknown god.
  2837 | D:4      | Noticed Dowan
  2839 | D:4      | Noticed Duvessa
  3271 | D:4      | Found a runed translucent door.
  3272 | D:4      | Noticed Crazy Yiuf
  3284 | D:4      | Mangled by Crazy Yiuf

Illustrated notes

Levels and vault maps discovered:
D:1:      dpeg_arrival_shrine, layout_basic, serial_shops,
          nicolae_shop_overgrown_old_shop
D:2:      layout_basic
D:3:      layout_loops_corners, dreamdust_ecumenical_altar_drowned_temple
D:4:      layout_basic, uniq_crazy_yiuf_cottage, uniq_duvessa

Skill      XL: |  1  2  3  4  5 |
---------------+----------------+-----
Dodging        | 3 4 |  4.0
Stealth        | 5 |  5.5
Spellcasting   | 3 |  3.6
Hexes          | 4 |  4.4
Fighting       | 1 |  1.4
Short Blades   | 2 |  2.5

Action                   |  1- 3 |  4- 6 || total
-------------------------+-------+-------++-------
Melee: Dagger            |    67 |   114 ||   181
       Punch             |     1 |     1 ||     2
 Cast: Ensorcelled Hiber |     8 |    17 ||    25
       Confusing Touch   |       |     2 ||     2
 Stab: Sleeping          |    10 |    13 ||    23
Armor: Robe              |     9 |     6 ||    15
Dodge: Dodged            |    78 |    68 ||   146

Table legend: (Time is in decaauts)
 A = Elapsed time spent in this place.
 B = Non-inter-level travel time spent in this place.
 C = Inter-level travel time spent in this place.
 D = Time resting spent in this place.
 E = Time spent auto-exploring this place.
 F = Levels seen in this place.
 G = Mean time per level.
                   A        B        C        D        E       F      G
               +--------+--------+--------+--------+--------+-----+--------+
         Total |   2262 |   2124 |    138 |    117 |   1552 |   4 |  565.5 |
       Dungeon |   2262 |   2124 |    138 |    117 |   1552 |   4 |  565.5 |
               +--------+--------+--------+--------+--------+-----+--------+

Top non-repeatable levels by time:
     D:3: 799 daAuts
     D:2: 709 daAuts
     D:1: 471 daAuts
     D:4: 282 daAuts
